 Dungeon Crawl Stone Soup version 0.24-b1 (webtiles) character file.

Game seed: 8607950438131857834, levelgen mode: deterministic

3773 Arixos the Charmwright (level 10, -1/51 HPs)
             Began as a Vine Stalker Skald on Oct 12, 2019.
             Was a Follower of Makhleb.
             Slain by a reaper
             ... wielding a +0 scythe of flaming
              (2 damage)
             ... in a Gauntlet.
             The game lasted 01:00:22 (6000 turns).

Arixos the Charmwright (Vine Stalker Skald)         Turns: 6000, Time: 01:00:23

Health: -1/51      AC: 14    Str: 13      XL:     10   Next: 16%
Magic:  0/28       EV: 15    Int: 12 (13) God:    Makhleb [*.....]
Gold:   297        SH:  0    Dex: 21      Spells: 12/20 levels left

rFire    . . .     SeeInvis .   o - +4 long sword
rCold    . . .     Gourm    .   (no shield)
rNeg     . . .     Faith    .   b - +0 leather armour
rPois    .         Spirit   +   l - +1 helmet
rElec    .         Reflect  .   m - +0 cloak
rCorr    .         Harm     .   z - +2 pair of gloves "Ukkozueff" {Dex+3}
MR       +....     NoTele   +   (no boots)
Stlth    ++........             (no amulet)
HPRegen  0.57/turn              j - +5 ring of protection
MPRegen  0.21/turn              s - ring of magical power

@: no status effects
A: fangs 3, blurry vision 1, deterioration 1, sense surroundings 1, regeneration
1, magic shield, antimagic bite, no potion heal 3, rot immunity
a: Renounce Religion


You were in a Gauntlet.
You worshipped Makhleb.
Makhleb was aware of your devotion.
You were very hungry.

You visited 3 branches of the dungeon, and saw 10 of its levels.
You also visited: Gauntlet.

You collected 297 gold pieces.

Inventory:

Hand Weapons
 o - a +4 long sword (weapon)
Missiles
 r - 15 poisoned darts (quivered)
Armour
 b - a +0 leather armour (worn)
 l - a +1 helmet (worn)
 m - a +0 cloak (worn)
 z - the +2 pair of gloves "Ukkozueff" (worn) {Dex+3}
   (You found it in a Gauntlet)

   It affects your dexterity (+3).
Jewellery
 j - a +5 ring of protection (left hand)
 s - a ring of magical power (right hand)
Wands
 y - a wand of digging (4)
Scrolls
 a - a scroll of enchant armour
 g - a scroll of enchant weapon {unknown}
 h - 6 scrolls of teleportation
 i - 3 scrolls of magic mapping
 k - 3 scrolls of immolation
 n - 4 scrolls of remove curse
Potions
 e - 4 potions of curing
 f - 3 potions of flight
 p - a potion of lignification {unknown}
 t - a potion of brilliance {unknown}
 u - 3 potions of berserk rage
 w - a potion of haste {unknown}
 A - a potion of resistance {unknown}
Comestibles
 d - 6 rations


   Skills:
 + Level 5.3 Fighting
 + Level 5.2 Long Blades
 - Level 0.7 Armour
 + Level 4.7 Dodging
 + Level 5.8 Spellcasting
 + Level 6.2 Charms
 + Level 4.9 Necromancy
 + Level 5.1 Translocations


You had 12 spell levels left.
You knew the following spells:

 Your Spells              Type           Power        Failure   Level  Hunger
a - Song of Slaying       Chrm           ###.....     2%          2    ##.....
b - Infusion              Chrm           ###.         1%          1    None
r - Regeneration          Chrm/Necr      ###.......   7%          3    ###....
s - Shroud of Golubria    Chrm/Tloc      ###...       3%          2    ##.....

Your spell library contained the following spells:

 Spells                   Type           Power        Failure   Level  Hunger
 Spectral Weapon          Hex/Chrm       ##......     19%         3    ###....
 Corona                   Hex            #......      24%         1    None
 Ensorcelled Hibernation  Hex/Ice        #.....       34%         2    ##.....
 Confuse                  Hex            #.......     56%         3    ###....
 Dazzling Spray           Conj/Hex       #.....       56%         3    ###....
 Tukima's Dance           Hex            #.......     56%         3    ###....


Dungeon Overview and Level Annotations

Branches:
Dungeon (8/15)             Temple (1/1) D:5            Lair (1/6) D:8
Gauntlet (1/1)

Altars:
Ashenzari
Cheibriados
Dithmenos
Elyvilon
Fedhas
Gozag
Hepliaklqana
Kikubaaqudgha
Makhleb
Nemelex Xobeh
Okawaru
Sif Muna
Trog
Uskayaw
Vehumet
Wu Jian
Xom
Yredelemnul
Zin

Shops:
D:4 [

Annotations:
D:7 2 runed translucent doors, exclusion: orange crystal statue Gauntlet 9 transporters, 4 runed translucent doors


Innate Abilities, Weirdness & Mutations

You have razor-sharp teeth.
Your natural rate of healing is unusually fast.
When hurt, damage is shared between your health and your magic reserves.
Your bite disrupts and absorbs the magic of your enemies.
Potions cannot restore your health.
You are immune to rotting.
Scrolls take you a little longer to read.
Your body sometimes deteriorates upon taking damage.
You passively map a small area around you.


Message History

You closely miss the hellwing. Your bite misses the hellwing.
The hellwing misses you. The hellwing barely misses you.
The reaper hits you from afar with a +0 scythe of flaming!!!
The reaper burns you.
* * * LOW HITPOINT WARNING * * *
Casting: Shroud of Golubria (safe; 3% risk of failure)
Confirm with . or Enter, or press ? or * to list all spells.
Space distorts slightly along a thin shroud covering your body.
The hellwing hits you but does no damage. x2
You barely miss the hellwing.
You bite the hellwing, but do no damage.
The hellwing hits you but does no damage.
The hellwing hits you.
* * * LOW HITPOINT WARNING * * *
Your shroud falls apart!
The reaper hits you from afar with a +0 scythe of flaming!
* * * LOW HITPOINT WARNING * * *
Your body deteriorates!
You feel dopey. The reaper burns you.
You die...

#..8#8..#.#.#.###b#.P.≈≈#
#...8..$#.#thbbbh.#...≈##
#8.8.8..#.#########.P.##
##8.©.8©#©#.........♣.≈##
#8.8.8.[#.#########...≈≈# # #
#...8...#.#.......#...≈##...#
#..8#8..#.#...25..#.P.##*.♣.#
#########.#####4###.♣..##...#
#.......#©#©...'@4#.PP..#.♣.#
#...♣...###.##.'###...♣.#...#
#..PP.....#.##.#?.#.....#.©.#
#.#≈#≈#P..#....#$=#.....#...#
#.≈≈≈≈≈PP.#########.....#.©.###
#.#≈#≈#P♣............∩..#......
#.≈≈≈≈≈.P.#########.....#.©.##.
#.#≈#≈#...###..Y###.....#...#
#.PPPP....###...###...P.#.©.#


You could see a dire elephant, a reaper, a fire crab, 2 hellwings, 2 hell
hounds, 3 fire bats and a shadow imp.

Vanquished Creatures
  A shining eye (Gauntlet)
  A worldbinder (Gauntlet)
  A troll (D:7)
  A wyvern (Lair:1)
  A golden eye (Gauntlet)
  A porcupine (Lair:1)
  A floating eye (Gauntlet)
  2 phantoms
  A sky beast (D:7)
  A black bear (D:6)
  2 ogres
  2 wolves (D:8)
  A boggart (Gauntlet)
  A centaur (D:5)
  4 scorpions
  An electric eel (D:8)
  A howler monkey (D:5)
  5 crimson imps
  5 hounds
  A jelly (D:8)
  Crazy Yiuf (D:2)
  2 orc priests (D:5)
  4 bullfrog skeletons
  6 orc wizards
  3 iguanas
  5 worker ants
  Robin (D:2)
  7 gnolls
  4 adders
  A shadow imp (D:3)
  2 oozes (D:1)
  2 adder zombies
  An adder skeleton (D:4)
  6 worms
  4 dart slugs
  6 leopard geckos
  17 orcs
  6 bats
  9 giant cockroaches
  20 goblins
  3 hobgoblins
  4 jackals (D:2)
  3 quokkas
  3 frilled lizards
  A jackal skeleton (D:4)
  6 kobolds
  A quokka zombie (D:8)
  3 rats
165 creatures vanquished.

Vanquished Creatures (others)
  A boggart (Gauntlet)
1 creature vanquished.

Grand Total: 166 creatures vanquished

Notes
Turn   | Place    | Note
-------+----------+-------------------------------------------
     0 | D:1      | Arixos the Vine Stalker Skald began the quest for the Orb.
     0 | D:1      | Reached XP level 1. HP: 11/11 MP: 4/4
   177 | D:1      | Reached XP level 2. HP: 15/15 MP: 6/6
   181 | D:1      | Learned a level 2 spell: Shroud of Golubria
   457 | D:1      | Reached XP level 3. HP: 17/18 MP: 7/7
   461 | D:1      | Learned a level 2 spell: Song of Slaying
   734 | D:2      | Noticed Robin
   770 | D:2      | Gained mutation: Your natural rate of healing is unusually
                  | fast. [Vine Stalker growth]
   770 | D:2      | Reached XP level 4. HP: 10/23 MP: 3/9
   784 | D:2      | Killed Robin
   839 | D:2      | Found a runed translucent door.
   840 | D:2      | Noticed Crazy Yiuf
   851 | D:2      | Killed Crazy Yiuf
   851 | D:2      | Reached skill level 1 in Translocations
   954 | D:2      | Found a white marble altar of Elyvilon.
   981 | D:2      | Learned a level 3 spell: Regeneration
  1002 | D:2      | Reached XP level 5. HP: 26/27 MP: 10/10
  1976 | D:4      | Reached XP level 6. HP: 32/32 MP: 11/11
  2039 | D:4      | Found Rojuj's Antique Armour Emporium.
  2097 | D:4      | Reached skill level 1 in Necromancy
  2101 | D:4      | Noticed a phantom
  2186 | D:4      | Killed a phantom
  2415 | D:4      | Reached skill level 4 in Charms
  2415 | D:4      | Reached XP level 7. HP: 17/36 MP: 10/13
  2499 | D:4      | Found an iron altar of Okawaru.
  2499 | D:4      | Found a hazy altar of Hepliaklqana.
  2499 | D:4      | Found a shattered altar of Ashenzari.
  2499 | D:4      | Found a radiant altar of Vehumet.
  2584 | D:5      | Entered Level 5 of the Dungeon
  2609 | D:5      | Got a heavily runed chain mail
  2610 | D:5      | Identified the cursed +0 chain mail of Xekhapn {Dex+2} (You
                  | found it on level 5 of the Dungeon)
  2625 | D:5      | Found an ornate altar of the Wu Jian Council.
  2777 | D:5      | Gained mutation: You have razor-sharp teeth. [Vine Stalker
                  | growth]
  2777 | D:5      | Reached XP level 8. HP: 40/40 MP: 15/15
  2818 | D:5      | Found a staircase to the Ecumenical Temple.
  2881 | D:5      | Found a sparkling altar of Nemelex Xobeh.
  3278 | D:5      | Found an opulent altar of Gozag.
  3836 | D:6      | Reached skill level 5 in Charms
  3920 | Temple   | Entered the Ecumenical Temple
  3955 | Temple   | Became a worshipper of Makhleb the Destroyer
  4420 | D:7      | Found a runed translucent door.
  4426 | D:7      | Found the +10 large shield of Ignorance {rN+ Int-4}
  4455 | D:7      | Reached XP level 9. HP: 45/45 MP: 17/17
  4464 | D:7      | Found a runed translucent door.
  4464 | D:7      | Noticed an orange crystal statue
  4933 | D:8      | Noticed a troll
  5038 | D:7      | Killed a troll
  5038 | D:7      | Reached skill level 5 in Spellcasting
  5267 | D:8      | Found a staircase to the Lair.
  5321 | D:8      | Reached * piety under Makhleb
  5493 | Lair:1   | Entered Level 1 of the Lair of Beasts
  5528 | Lair:1   | Found a gate leading to a gauntlet.
  5533 | Gauntlet | Entered a Gauntlet
  5533 | Gauntlet | Found a transporter.
  5539 | Gauntlet | Noticed a shining eye
  5541 | Gauntlet | Found a transporter.
  5543 | Gauntlet | Found a transporter.
  5548 | Gauntlet | Noticed a worldbinder
  5552 | Gauntlet | Found a transporter.
  5554 | Gauntlet | Found a transporter.
  5559 | Gauntlet | Noticed a fire crab
  5562 | Gauntlet | Found a transporter.
  5575 | Gauntlet | Noticed a reaper
  5575 | Gauntlet | Noticed a hellwing
  5576 | Gauntlet | Noticed a hellwing
  5577 | Gauntlet | Found a runed translucent gate.
  5578 | Gauntlet | Found a transporter.
  5578 | Gauntlet | Found a runed translucent gate.
  5579 | Gauntlet | Found a runed translucent gate.
  5588 | Gauntlet | Found a transporter.
  5595 | Gauntlet | Noticed a death yak
  5597 | Gauntlet | Noticed a death yak
  5597 | Gauntlet | Noticed a torpor snail
  5597 | Gauntlet | Found a runed translucent door.
  5597 | Gauntlet | Noticed a dire elephant
  5598 | Gauntlet | Found a transporter.
  5600 | Gauntlet | Noticed a death yak
  5603 | Gauntlet | Noticed an elephant
  5608 | Gauntlet | Found a runed translucent door.
  5608 | Gauntlet | Found a runed translucent door.
  5609 | Gauntlet | Found a runed translucent door.
  5612 | Gauntlet | Found a transporter.
  5612 | Gauntlet | Found a transporter.
  5626 | Gauntlet | Found a transporter.
  5628 | Gauntlet | Noticed a queen bee
  5636 | Gauntlet | Found a transporter.
  5637 | Gauntlet | Found a transporter.
  5741 | Gauntlet | Paralysed by a floating eye for 4 turns
  5760 | Gauntlet | Paralysed by a floating eye for 2 turns
  5766 | Gauntlet | Gained mutation: Your body sometimes deteriorates upon
                  | taking damage. [a shining eye]
  5780 | Gauntlet | Killed a shining eye
  5780 | Gauntlet | Reached skill level 5 in Fighting
  5780 | Gauntlet | Reached skill level 6 in Charms
  5782 | Gauntlet | Reached skill level 5 in Long Blades
  5782 | Gauntlet | Reached skill level 5 in Translocations
  5782 | Gauntlet | Reached XP level 10. HP: 51/51 MP: 19/19
  5810 | Gauntlet | Got a pair of distressingly furry gloves
  5813 | Gauntlet | Identified the +2 pair of gloves "Ukkozueff" {Dex+3} (You
                  | found it in a Gauntlet)
  5834 | Gauntlet | Lost mutation: Your body sometimes deteriorates upon taking
                  | damage. [potion of mutation]
  5834 | Gauntlet | Gained mutation: Scrolls take you a little longer to read.
                  | [potion of mutation]
  5834 | Gauntlet | Gained mutation: Your body sometimes deteriorates upon
                  | taking damage. [potion of mutation]
  5834 | Gauntlet | Gained mutation: You passively map a small area around you.
                  | [potion of mutation]
  5854 | Gauntlet | Noticed a smoke demon
  5877 | Gauntlet | Killed a worldbinder
  6000 | Gauntlet | HP: 1/51 [reaper/+0 scythe of flaming (11)]
  6000 | Gauntlet | Slain by a reaper

Skill      XL: |  1  2  3  4  5  6  7  8  9 |
---------------+----------------------------+-----
Fighting       | 2 3 4 5 |  5.3
Long Blades    | 2 3 4 5 |  5.2
Dodging        | 2 3 4 |  4.7
Translocations | 1 2 3 5 |  5.1
Spellcasting   | 3 4 5 |  5.8
Necromancy     | 1 2 3 4 |  4.9
Charms         | 4 5 6 |  6.2
Armour         | |  0.7

Action                   |  1- 3 |  4- 6 |  7- 9 | 10-12 || total
-------------------------+-------+-------+-------+-------++-------
Melee: Falchion          |    73 |   227 |   331 |       ||   631
       Bite              |    21 |    81 |   157 |    17 ||   276
       Long sword        |       |       |   119 |    21 ||   140
 Cast: Shroud of Golubri |     5 |    24 |    49 |     5 ||    83
       Song of Slaying   |       |     5 |    11 |     1 ||    17
  Use: Scroll            |       |       |    11 |     4 ||    15
       Potion            |       |       |       |     2 ||     2
 Stab: Sleeping          |       |     1 |     1 |       ||     2
  Eat: Chunk             |       |     8 |    11 |       ||    19
       Ration            |       |       |     1 |       ||     1
Armor: Leather armour    |    29 |    93 |   183 |    28 ||   333
Dodge: Dodged            |    67 |   153 |   292 |    43 ||   555
       Rpst.: Falchion   |    23 |    44 |    62 |       ||   129
       Long sword        |       |       |    20 |     9 ||    29
